 Dungeon Crawl Stone Soup version 0.25.0-46-gbd7b0854d2 (webtiles) character file.

Game seed: 13518162337571163329

1652 funkygono the Cudgeler (level 8, -16/70 HPs)
             Began as a Minotaur Fighter on July 17, 2020.
             Was a Follower of Makhleb.
             Demolished by an ogre
             ... wielding a +0 giant spiked club
              (27 damage)
             ... on level 7 of the Dungeon.
             The game lasted 00:12:45 (5536 turns).

funkygono the Cudgeler (Minotaur Fighter)           Turns: 5536, Time: 00:12:46

Health: -16/70     AC: 11    Str: 24    XL:     8   Next: 68%
Magic:  2/2        EV:  7    Int:  5    God:    Makhleb [*.....]
Gold:   217        SH: 11    Dex:  9    Spells: 7/7 levels left

rFire    . . .     SeeInvis +   n - +2 whip (antimagic)
rCold    . . .     Gourm    .   c - +0 kite shield
rNeg     . . .     Faith    .   v - +0 chain mail
rPois    .         Spirit   .   (helmet restricted)
rElec    .         Reflect  .   (no cloak)
rCorr    .         Harm     .   (no gloves)
MR       .....                  i - +0 pair of boots
Stlth    ..........             (no amulet)
HPRegen  0.21/turn              p - ring of see invisible
MPRegen  0.08/turn              (no ring)

@: studying Crossbows
A: retaliatory headbutt, horns 2
a: Renounce Religion


You were on level 7 of the Dungeon.
You worshipped Makhleb.
Makhleb was aware of your devotion.
You were not hungry.

You visited 2 branches of the dungeon, and saw 8 of its levels.

You collected 217 gold pieces.

Inventory:

Hand Weapons
 a - a +0 flail
 n - a +2 antimagic whip (weapon)
 t - a +0 hunting sling
Missiles
 b - 21 bolts
 j - 99 arrows
 m - 186 stones (quivered)
 q - 97 sling bullets
Armour
 c - a +0 kite shield (worn)
 i - a +0 pair of boots (worn)
 v - a +0 chain mail (worn)
Jewellery
 p - a ring of see invisible (left hand)
Wands
 r - a wand of iceblast (5)
 u - a wand of enslavement (6)
Scrolls
 e - 2 scrolls of teleportation
 k - 2 scrolls of identify
 w - a scroll of remove curse
Potions
 g - a potion of stabbing
 h - 2 potions of brilliance
 l - 3 potions of curing
 o - a potion of heal wounds
 s - a potion of resistance
 z - a potion of magic
Books
 x - a manual of Crossbows
Comestibles
 d - 4 chunks of flesh
 f - 9 rations


   Skills:
 + Level 6.2 Fighting
 + Level 7.9 Maces & Flails
 + Level 7.1 Armour
 + Level 1.7 Dodging
 - Level 1.0 Stealth
 + Level 7.7 Shields


You had 7 spell levels left.
You didn't know any spells.
Your spell library was empty.

Dungeon Overview and Level Annotations

Branches:
Dungeon (7/15)             Temple (1/1) D:4

Altars:
Ashenzari
Cheibriados
Dithmenos
Elyvilon
Fedhas
Gozag
Hepliaklqana
Kikubaaqudgha
Makhleb
Nemelex Xobeh
Okawaru
Qazlal
Ru
Sif Muna
Trog
Uskayaw
Vehumet
Wu Jian
Xom
Yredelemnul
Zin
The Shining One

Shops:
D:7 ?

Annotations:
D:5 1 transporter


Innate Abilities, Weirdness & Mutations

You reflexively headbutt those who attack you in melee.
You have a pair of horns on your head.


Message History

You feel sick.
An ogre comes into view. It is wielding a +0 giant spiked club.
Things that are here:
a chunk of flesh; a jackal skeleton An ogre is nearby!
Unknown command.
You feel better.
The ogre shouts!
You whack the ogre! You headbutt the ogre!
The ogre is almost dead.
The ogre hits you with a +0 giant spiked club!!
* * * LOW HITPOINT WARNING * * *
You hit the ogre but do no damage.
The ogre is almost dead.
A killer bee comes into view.
The killer bee buzzes angrily.
You hit the ogre.
The ogre is almost dead.
The ogre hits you with a +0 giant spiked club!!
You die...

.∩... #.# #... ##
#.####..### #...
#.##...... # #...
#.##.#.y##.# #...
#.##.#.....##.
####...###.............
...........##.#####.###
...........O@.#
...........####
#.<..#.### ##....#.#
#.......# #.....#.#
#..#.##)# #.......#
#.#.#..<#


You could see an ogre and a killer bee.

Vanquished Creatures
  Grinder (D:3)
  An orc warrior (D:6)
  A necrophage (D:6)
  An ogre (D:6)
  2 phantoms (D:5)
  2 bullfrogs
  A scorpion (D:5)
  2 killer bees (D:7)
  2 howler monkeys (D:7)
  2 hounds (D:6)
  4 orc wizards
  Jessica (D:2)
  An iguana (D:7)
  4 worker ants
  Natasha (thrice) (D:3)
  A worker ant zombie (D:5)
  4 gnolls (D:2)
  A howler monkey skeleton (D:4)
  9 adders
  A shadow imp (D:6)
  2 adder zombies (D:5)
  2 adder skeletons
  4 worms
  2 dart slugs (D:2)
  5 leopard geckos
  14 orcs
  4 giant cockroaches
  6 goblins
  8 hobgoblins
  14 jackals
  6 kobolds
  3 quokkas
  2 ball pythons
  5 bats
  4 frilled lizards
  A leopard gecko skeleton (D:5)
  A leopard gecko zombie (D:6)
  A quokka zombie (D:5)
  6 rats
134 creatures vanquished.

Notes
Turn   | Place    | Note
-------+----------+-------------------------------------------
     0 | D:1      | funkygono the Minotaur Fighter began the quest for the Orb.
     0 | D:1      | Reached XP level 1. HP: 19/19 MP: 0/0
   302 | D:1      | Reached XP level 2. HP: 27/27 MP: 1/1
   603 | D:2      | Found an opulent altar of Gozag.
   698 | D:2      | Reached XP level 3. HP: 33/33 MP: 2/2
   754 | D:2      | Noticed Jessica
   761 | D:2      | Killed Jessica
   832 | D:2      | Reached XP level 4. HP: 40/40 MP: 3/3
  1733 | D:2      | Reached XP level 5. HP: 33/47 MP: 1/4
  2139 | D:3      | Noticed Grinder
  2168 | D:3      | Killed Grinder
  2168 | D:3      | Reached skill level 5 in Maces & Flails
  2168 | D:3      | Reached skill level 5 in Armour
  2168 | D:3      | Reached skill level 5 in Shields
  2168 | D:3      | Reached XP level 6. HP: 12/53 MP: 1/5
  2473 | D:3      | Noticed Natasha
  2487 | D:3      | Killed Natasha
  2730 | D:3      | Reached skill level 1 in Dodging
  2901 | D:3      | Found a white marble altar of Elyvilon.
  2904 | D:3      | Found a bloodstained altar of Trog.
  2905 | D:3      | Found a shimmering blue altar of Sif Muna.
  2977 | D:3      | Noticed Natasha
  2986 | D:3      | Killed Natasha
  3164 | D:3      | Found a glowing silver altar of Zin.
  3281 | D:3      | Noticed Natasha
  3288 | D:3      | Killed Natasha
  3347 | D:4      | Reached XP level 7. HP: 60/60 MP: 2/6
  3513 | D:4      | Reached skill level 5 in Fighting
  3562 | D:4      | Found a staircase to the Ecumenical Temple.
  3569 | Temple   | Entered the Ecumenical Temple
  3632 | Temple   | Became a worshipper of Makhleb the Destroyer
  3856 | D:5      | Entered Level 5 of the Dungeon
  4056 | D:5      | Found a sacrificial altar of Ru.
  4107 | D:5      | Found a sparkling altar of Nemelex Xobeh.
  4107 | D:5      | Found a transporter.
  4107 | D:5      | Noticed a catoblepas
  4690 | D:6      | Reached * piety under Makhleb
  4690 | D:6      | Reached XP level 8. HP: 67/69 MP: 2/7
  4750 | D:6      | Found an iron altar of Okawaru.
  5466 | D:7      | Found Rerhil's Magic Scroll Boutique.
  5517 | D:7      | Reached skill level 1 in Stealth
  5536 | D:7      | Demolished by an ogre

Illustrated notes

Levels and vault maps discovered:
D:1:      minmay_arrival_semitransparent, layout_basic, minmay_misc_feat_alley
D:2:      layout_basic, nicolae_overflow_hidden_temple, uniq_jessica
D:3:      layout_loops_cross, zin_scriptorium, grunt_temple_overflow_open,
          uniq_natasha, uniq_grinder
D:4:      layout_cave_pools, temple_green, first_ration
D:5:      layout_cave_pools, nicolae_ru_sacrificial_ziggurat,
          grunt_ministairs_9, grunt_nemelex_the_gamble
D:6:      layout_gridville, lemuel_doored_altar, minmay_manual_mess
D:7:      layout_loops_cross, serial_shops, shop, grunt_ogre_cave, tgw_xom,
          uniq_pikel
Temple:   eino_wide_crystal_templ

Skill      XL: |  1  2  3  4  5  6  7  8 |
---------------+-------------------------+-----
Shields        | 4 5 6 7 |  7.7
Fighting       | 4 5 6 |  6.2
Maces & Flails | 3 4 5 6 7 |  7.9
Armour         | 4 5 6 7 |  7.1
Dodging        | 1 |  1.7
Stealth        | 1 |  1.0

Action                   |  1- 3 |  4- 6 |  7- 9 || total
-------------------------+-------+-------+-------++-------
Melee: Flail             |    59 |    12 |       ||    71
       Headbutt          |     5 |    27 |    49 ||    81
       Whip              |       |   184 |   252 ||   436
  Use: Scroll            |     6 |     9 |     2 ||    17
       Potion            |       |       |     2 ||     2
  Eat: Chunk             |       |     7 |     8 ||    15
Armor: Scale mail        |    21 |    38 |    22 ||    81
       Chain mail        |       |       |    59 ||    59
Dodge: Dodged            |    18 |    43 |    55 ||   116
Block: Kite shield       |    33 |    85 |   111 ||   229
